 Dungeon Crawl Stone Soup version 0.31-a0-188-g5e087ee2ca (webtiles) character file.

Game seed: 6783444708735123300

109 qw the Skirmisher (level 4, 0/25 HPs)
             Began as a Deep Elf Hunter on June 23, 2023.
             Killed from afar by Natasha (2 damage)
             ... with a magic dart
             ... on level 2 of the Dungeon.
             The game lasted 00:00:34 (1339 turns).

qw the Skirmisher (Deep Elf Hunter)                 Turns: 1339, Time: 00:00:34

Health: 0/25       AC:  6    Str: 10    XL:     4   Next: 59%
Magic:  6/6        EV: 11    Int: 14    God:
Gold:   76         SH:  0    Dex: 18    Spells: 3/3 levels left

rFire   . . .        Y - +0 shortbow
rCold   . . .        (shield currently unavailable)
rNeg    . . .        f - +0 ring mail
rPois   .            h - +0 helmet
rElec   .            (no cloak)
rCorr   .            (no gloves)
SInv    .            (no boots)
Will    .....        (no amulet)
Stlth   +            (no ring)
HPRegen 0.24/turn    (no ring)
MPRegen 0.10/turn

%: no passive effects
@: slowed, very slow
A: no striking features
a: no special abilities


You were on level 2 of the Dungeon.
You visited 1 branch of the dungeon, and saw 3 of its levels.

You collected 76 gold pieces.


   Skills:
 - Level 1.5 Fighting
 + Level 8.0 Ranged Weapons
 - Level 2.4 Dodging
 - Level 1.2 Stealth


You had 3 spell levels left.
You didn't know any spells.
Your spell library was empty.

Inventory:

Hand Weapons
 Y - a +0 shortbow (weapon)
Armour
 f - a +0 ring mail (worn)
 h - a +0 helmet (worn)
Potions
 b - a potion of magic {unknown}
 c - a potion of mutation {unknown}
 d - 2 potions of enlightenment
 e - a potion of haste {unknown}

Dungeon Overview and Level Annotations

Branches:
Dungeon (3/15)

Altars:

Annotations:
D:2 Natasha


Message History

Natasha barely misses you.
You shoot an arrow.
The arrow hits Natasha but does no damage.
The ball python closely misses you. The ball python misses you.
Natasha claws you but does no damage.
The ball python bites you but does no damage.
The ball python grabs you. The ball python constricts you.
You shoot an arrow. The arrow hits the ball python!
You kill the ball python!
Natasha closely misses you. Natasha claws you!
1332 ||| STAIRDANCE Natasha completely misses you.
You climb upwards.
There is a stone staircase leading down here.
You shoot an arrow. The arrow hits Natasha.
Natasha is moderately wounded.
Natasha casts a spell at you.
You feel yourself slow down.
You shoot an arrow. The arrow hits Natasha.
Natasha is heavily wounded.
Natasha completely misses you.
You shoot an arrow.
The arrow hits Natasha but does no damage.
Natasha is heavily wounded.
Natasha claws you. Natasha closely misses you.
You shoot an arrow.
The arrow hits Natasha but does no damage.
Natasha is heavily wounded.
Natasha howls an incantation.
Natasha glows brightly for a moment.
Natasha casts a spell at you.
You feel as though you will be slow longer.
Natasha claws you!
You shoot an arrow. The arrow hits Natasha!
Natasha is almost dead.
Natasha claws you.
You shoot an arrow. The arrow closely misses Natasha.
Natasha mumbles some strange words.
Natasha casts a spell at you. The magic dart hits you.
You die...

%....# ##..#.......#.........<#
.....######...#+#'#...#.#%#.####
......).#####..)#.###.#.#.#.#
####....................#.#.#
#........../..####.###.#.#
####...................#.#
#........#5#..#######.#
#........#.h.########.#
#....[...#@....!......#
#........##############
##########


You could see Natasha and a cerulean imp (summoned).

Vanquished Creatures
  6 adders
  A worm (D:2)
  A dart slug (D:2)
  4 ball pythons
  5 endoplasms
  3 giant cockroaches
  3 goblins
  3 hobgoblins (D:1)
  6 jackals
  2 kobolds (D:1)
  2 quokkas (D:1)
  7 bats (D:1)
  3 rats
46 creatures vanquished.

Notes
Turn   | Place    | Note
-------+----------+-------------------------------------------
     0 | D:1      | qw the Deep Elf Hunter began the quest for the Orb.
     0 | D:1      | Reached XP level 1. HP: 12/12 MP: 3/3
     0 | D:1      | 0 ||| qw: Version: 0.3-a-9-g12657ce
     0 | D:1      | 0 ||| qw: Game counter: 4397
     0 | D:1      | 0 ||| qw: Always use a shield: true
     0 | D:1      | 0 ||| qw: God list: Okawaru
     0 | D:1      | 0 ||| qw: Allow faded altars: false
     0 | D:1      | 0 ||| qw: Do Orc after D:15 true
     0 | D:1      | 0 ||| qw: Do second Lair branch before Depths: true
     0 | D:1      | 0 ||| qw: Lair rune preference: random
     0 | D:1      | 0 ||| qw: Plans: Normal
     0 | D:1      | 0 ||| PLANNING D:1-11
    58 | D:1      | Reached skill level 6 in Ranged Weapons
    58 | D:1      | Reached XP level 2. HP: 16/16 MP: 4/4
   546 | D:1      | Reached XP level 3. HP: 20/20 MP: 5/5
   706 | D:1      | 706 ||| UPGRADING to +0 ring mail.
   716 | D:1      | 716 ||| DROPPING +0 leather armour.
   717 | D:1      | 717 ||| READING scroll labelled CUATSO HUVUF.
   718 | D:1      | 718 ||| READING scroll labelled CYUTEEREL UJOFI.
   719 | D:1      | 719 ||| DRINKING 2 viscous puce potions.
   720 | D:1      | 720 ||| DROPPING scroll of butterflies.
   911 | D:2      | Reached skill level 7 in Ranged Weapons
   976 | D:2      | Reached XP level 4. HP: 22/25 MP: 6/6
  1266 | D:2      | 1266 ||| UPGRADING to +0 helmet.
  1271 | D:2      | 1271 ||| DROPPING amulet of magic regeneration.
  1272 | D:2      | 1272 ||| DRINKING 2 puce potions.
  1315 | D:2      | 1315 ||| DROPPING potion of lignification.
  1322 | D:3      | Noticed Natasha
  1329 | D:3      | Reached skill level 8 in Ranged Weapons
  1332 | D:3      | 1332 ||| STAIRDANCE
  1338 | D:2      | HP: 2/25 [Natasha (6)]
  1339 | D:2      | Killed from afar by Natasha

Levels and vault maps discovered:
D:1:      mrwooster_arrival_statue, layout_basic, serial_aquarium,
          aquarium_bridge_long_separate [aquarium_subvault_wall,
          aquarium_subvault_balcony, aquarium_subvault_bridge,
          aquarium_subvault_window, aquarium_subvault_bridge,
          aquarium_subvault_wall], aquarium_bridge_straight
          [aquarium_subvault_bridge, aquarium_subvault_wall,
          aquarium_subvault_bridge, aquarium_subvault_wall], aquarium_window_1,
          aquarium_window_2, aquarium_view_2e
D:2:      layout_basic, nicolae_half_adder
D:3:      layout_basic, uniq_crazy_yiuf_cottage, uniq_natasha, uniq_ijyb

Skill      XL: |  1  2  3  4 |
---------------+-------------+-----
Ranged Weapons | 6 7 8 |  8.0
Fighting       | |  1.5
Dodging        | |  2.4
Stealth        | |  1.2

Action                     |  1- 3 |  4- 6 || total
---------------------------+-------+-------++-------
   Fire: Shortbow          |   102 |    30 ||   132
    Use: Scroll            |     2 |       ||     2
         Potion            |     1 |     1 ||     2
 Armour: Leather armour    |     5 |       ||     5
         Ring mail         |    17 |     7 ||    24
  Dodge: Dodged            |    34 |    14 ||    48

Table legend:
 A = Non-vault XP
 B = Vault XP
 C = Vault XP percentage of total XP
 D = Non-vault monster count
 E = Vault monster count
 F = Vault count percentage of total count
                 A         B        C        D         E       F
            +---------+---------+-------+---------+---------+-------
      Total |     117 |      39 |  25.0 |      43 |       3 |   6.5
            +---------+---------+-------+---------+---------+-------
        D:1 |      47 |       0 |   0.0 |      27 |       0 |   0.0
        D:2 |      55 |      39 |  41.5 |      14 |       3 |  17.6
        D:3 |      15 |       0 |   0.0 |       2 |       0 |   0.0
            +---------+---------+-------+---------+---------+-------
